 Dungeon Crawl Stone Soup version 0.23-a0-270-gab6feb3 (webtiles) character file.

162 technobutter the Skirmisher (level 5, -8/43 HPs)
             Began as a Barachi Fighter on Sept 30, 2018.
             Mangled by an ogre
             ... wielding a +0 giant spiked club
              (11 damage)
             ... on level 3 of the Dungeon.
             The game lasted 00:11:47 (2112 turns).

technobutter the Skirmisher (Barachi Fighter)       Turns: 2112, Time: 00:11:48

Health: -8/43      AC: 13    Str: 18    XL:     5   Next: 43%
Magic:  5/5        EV:  7    Int: 11    God:
Gold:   83         SH:  9    Dex: 12    Spells: 4/4 levels left

rFire    . . .     SeeInvis .   a - +0 long sword
rCold    . . .     Gourm    .   c - +0 shield
rNeg     . . .     Faith    .   b - +0 scale mail
rPois    .         Spirit   .   (no helmet)
rElec    .         Reflect  .   (no cloak)
rCorr    .         Harm     .   (no gloves)
MR       .....                  g - +0 pair of boots
Stlth    ..........             (no amulet)
HPRegen  0.14/turn              k - +5 ring of protection
MPRegen  0.09/turn              e - +3 ring of intelligence

@: slow
A: +LOS, swims, slowness 1, strong legs 1
a: Hop


You were on level 3 of the Dungeon.
You were not hungry.

You visited 1 branch of the dungeon, and saw 3 of its levels.

You collected 83 gold pieces.

Inventory:

Hand Weapons
 a - a +0 long sword (weapon)
Armour
 b - a +0 scale mail (worn)
 c - a +0 shield (worn)
 g - a +0 pair of boots (worn)
Jewellery
 e - a +3 ring of intelligence (right hand)
 j - an uncursed ring of resist corrosion
 k - a +5 ring of protection (left hand)
Scrolls
 i - a scroll of teleportation
Potions
 d - a potion of might
 h - a potion of agility {unknown}
 l - a potion of curing {unknown}
 m - a potion of magic {unknown}
Comestibles
 f - 4 rations


   Skills:
 + Level 4.6 Fighting
 + Level 4.4 Long Blades
 + Level 4.5 Armour
 + Level 0.8 Dodging
 + Level 4.0 Shields


You had 4 spell levels left.
You didn't know any spells.
Your spell library was empty.

Dungeon Overview and Level Annotations

Branches:
Dungeon (3/15)

Altars:
Nemelex Xobeh
Qazlal
Uskayaw


Innate Abilities, Weirdness & Mutations

Shadows flee at your approach. (+LOS)
You can swim through water.
You cover ground slowly.
You can hop short distances.


Message History

The adder is heavily wounded.
The adder barely misses you. The adder bites you.
You hit the adder.
You kill the adder!
You block the ogre's attack.
You slash the ogre!
The ogre is moderately wounded.
You hit the ogre.
The ogre is heavily wounded.
The ogre hits you with a giant spiked club!
You slash the ogre!
The ogre is severely wounded.
The ogre hits you with a giant spiked club!
* * * LOW HITPOINT WARNING * * *
You hit the ogre.
The ogre is almost dead.
You block the ogre's attack.
There is a stone staircase leading up here.
The ogre hits you with a giant spiked club!
You die...

#>. #.# # #####.#
# #.#.....##.#
###.### #....#
....... #†#####.#
.......##'#.....#
........†.O.#####
.........†@.#
............#
######...........
#.....#####.
#.....# #######


You could see an ogre.

Vanquished Creatures
  A scorpion (D:2)
  A howler monkey skeleton (D:2)
  4 adders
  3 gnolls (D:2)
  A dart slug (D:1)
  A leopard gecko (D:1)
  2 bats
  5 giant cockroaches
  3 goblins
  A hobgoblin (D:2)
  5 kobolds
  A quokka (D:2)
  4 frilled lizards
  4 rats
36 creatures vanquished.

Notes
Turn   | Place    | Note
-------+----------+-------------------------------------------
     0 | D:1      | technobutter the Barachi Fighter began the quest for the
                  | Orb.
     0 | D:1      | Reached XP level 1. HP: 18/18 MP: 1/1
   317 | D:1      | Reached XP level 2. HP: 22/25 MP: 2/2
   820 | D:2      | Noticed a scorpion
   829 | D:2      | Reached XP level 3. HP: 19/30 MP: 3/3
   837 | D:2      | Killed a scorpion
   837 | D:2      | Reached XP level 4. HP: 9/38 MP: 4/4
  1279 | D:2      | Found a sparkling altar of Nemelex Xobeh.
  1280 | D:2      | Found a hide-covered altar of Uskayaw.
  1392 | D:2      | Found a stormy altar of Qazlal.
  1515 | D:2      | Reached XP level 5. HP: 24/43 MP: 5/5
  2076 | D:2      | You fall through a shaft!
  2096 | D:3      | Noticed an ogre
  2112 | D:3      | Mangled by an ogre

Vault maps used:
D:1:      dpeg_arrival_radiant
D:2:      grunt_qazlal_sundering, gammafunk_temple_overflow_statue
D:3:      uniq_crazy_yiuf_cottage, uniq_ijyb, uniq_terence

Skill      XL: |  1  2  3  4  5 |
---------------+----------------+-----
Long Blades    | 3 4 |  4.4
Fighting       | 4 |  4.6
Armour         | 4 |  4.5
Shields        | 4 |  4.0
Dodging        | |  0.8

Action                   |  1- 3 |  4- 6 || total
-------------------------+-------+-------++-------
Melee: Long sword        |    54 |    90 ||   144
 Abil: Hop               |     1 |       ||     1
  Use: Scroll            |     2 |     3 ||     5
  Eat: Ration            |       |     2 ||     2
Armor: Scale mail        |    27 |    56 ||    83
Dodge: Dodged            |    17 |    25 ||    42
Block: Shield            |    27 |    56 ||    83
       Rpst.: Long sword |     6 |     5 ||    11

Table legend:
 A = Non-vault XP
 B = Vault XP
 C = Vault XP percentage of total XP
 D = Non-vault monster count
 E = Vault monster count
 F = Vault count percentage of total count
                 A         B        C        D         E       F
            +---------+---------+-------+---------+---------+-------
      Total |     232 |       0 |   0.0 |      36 |       0 |   0.0
            +---------+---------+-------+---------+---------+-------
        D:1 |      25 |       0 |   0.0 |      13 |       0 |   0.0
        D:2 |     190 |       0 |   0.0 |      20 |       0 |   0.0
        D:3 |      17 |       0 |   0.0 |       3 |       0 |   0.0
            +---------+---------+-------+---------+---------+-------
